AoeStats
← Ulosis

Black Forest

508773698Analyzed
2v2 RM · 7d ago on Sep 24, 2026· 51m 22s· 4 players
Game mode
Random Map
Map size
Medium (4 player)
Population
200
Speed
Normal
Resources
Standard
Victory
Conquest
Starting age
Dark Age
Ending age
Imperial Age
RankedLock teamsTeams togetherTeam positionsShared explorationLock speedFull tech treeHidden civsTurbo modeCheats
Victory
Defeat
🇦🇷 Saxons · Argentina
1029
+15
🇦🇷 Maya · Argentina
632
+24
🇨🇱 Franks · Chile
854
-17
🇨🇱 Malay · Chile
810
-15
Don_Kowa
0:26 Loom
12:02 Feudal Age
13:53 Double-Bit Axe
15:39 Wheelbarrow
21:55 Horse Collar
25:46 Castle Age
27:02 Hand Cart
27:06 Bow Saw
27:54 Ballistics
29:13 Fervor
29:49 Fortified Wall
30:45 Hul'che Javelineers
31:48 Fletching
32:13 Town Watch
33:22 Heavy Plow
34:26 Stone Mining
34:26 Gold Mining
35:41 Masonry
35:11 Treadmill Crane
35:26 Murder Holes
35:30 Bodkin Arrow
35:36 Padded Archer Armor
41:29 Imperial Age
39:04 Town Patrol
39:54 Leather Archer Armor
39:40 Scale Mail Armor
39:50 Forging
41:06 Stone Shaft Mining
41:08 Fishing Lines
42:35 Conscription
41:46 Sappers
42:51 Hoardings
44:06 Holcans
44:18 Ring Archer Armor
44:03 Chain Mail Armor
45:05 Chemistry
44:17 Elite Plumed Archer
44:30 Elite Skirmisher
44:31 Crossbowman
44:34 Pikeman
45:15 Squires
45:32 Thumb Ring
46:44 Plate Mail Armor
46:50 Iron Casting
46:16 Bracer
Sapo Malevolo
3:40 Loom
14:44 Feudal Age
15:48 Fishing Lines
21:52 Castle Age
19:52 Double-Bit Axe
23:09 Gold Mining
23:34 Bow Saw
26:57 Imperial Age
28:03 Gillnets
33:26 Shield Wall
34:27 Conscription
34:25 Scale Mail Armor
34:36 Forging
34:04 Elite Hearth Troop
34:25 Pikeman
36:00 Chain Mail Armor
35:10 Halberdier
36:37 Onager
39:51 Squires
43:36 Plate Mail Armor
43:42 Iron Casting
PABLOSKY
1:37 Loom
14:45 Feudal Age
19:00 Castle Age
19:17 Stone Mining
19:34 Double-Bit Axe
20:40 Gold Mining
23:58 Town Watch
28:13 Gold Shaft Mining
29:51 Fortified Wall
30:22 Murder Holes
36:23 Ballistics
38:17 Forging
38:12 Squires
44:39 Caravan
45:27 Town Patrol
46:04 Wheelbarrow
45:42 Bow Saw
Ulosis
1:51 Loom
13:44 Feudal Age
14:17 Wheelbarrow
13:33 Double-Bit Axe
13:47 Horse Collar
20:25 Castle Age
20:13 Man-at-Arms
20:37 Crossbowman
22:54 Town Watch
25:24 Scale Barding Armor
25:24 Husbandry
27:31 Long Swordsman
29:42 Stone Mining
29:44 Gold Mining
36:31 Elite Skirmisher
37:34 Forging
37:24 Padded Archer Armor
37:15 Fletching
42:33 Thumb Ring
42:55 Squires
46:55 Imperial Age
46:25 Two-Handed Swordsman
51:41 Iron Casting
51:01 Bodkin Arrow
51:21 Leather Archer Armor
Connection lost

Rejoining the realm…

Still unreachable

The connection could not be restored.

Session expired

The server has moved on; the page needs a fresh start.